 Dungeon Crawl Stone Soup version 0.31-a0-1144-g99969ba1bc (webtiles) character file.

Game seed: 2929388758938309930

159 MackTheKnife the Chiller (level 5, -8/40 HPs)
             Began as a Gnoll Ice Elementalist on Dec 6, 2023.
             Killed by nerve-wracking pain
             ... invoked by Grinder
              (13 damage)
             ... on level 3 of the Dungeon.
             The game lasted 00:05:56 (3103 turns).

MackTheKnife the Chiller (Gnoll Ice Elementalist)   Turns: 3103, Time: 00:05:57

Health: -8/40      AC:  5    Str: 18    XL:     5   Next: 40%
Magic:  8/13       EV: 13    Int: 13    God:
Gold:   184        SH:  0    Dex: 11    Spells: 7/14 levels left

rFire   + . .        m - +9 mace of Drought {freeze, rCorr, mace}
rCold   . . .        (no shield)
rNeg    . . .        a - +0 robe
rPois   .            g - +1 helmet
rElec   .            (no cloak)
rCorr   +            (no gloves)
SInv    .            (no boots)
Will    .....        (no amulet)
Stlth   ++           e - ring of protection from fire
HPRegen 0.26/turn    l - +6 ring of strength
MPRegen 0.13/turn

%: no passive effects
@: brilliant, lethally poisoned (-8 -> -12), invisible
A: fangs 1, strong nose, distributed training, clumsy 1, high MP 1, robust 1,
shaggy fur 1, strong 1
a: no special abilities


You were on level 3 of the Dungeon.
You visited 1 branch of the dungeon, and saw 3 of its levels.

You collected 184 gold pieces.


Innate Abilities, Weirdness & Mutations

You have very sharp teeth.
Your uncanny sense of smell can sniff out nearby items.
Your experience applies equally to all skills.
You are clumsy. (Dex -2)
You have an increased reservoir of magic. (+10% MP)
You are robust. (+10% HP)
You are covered in fur. (AC +1)
Your muscles are strong. (Str +4, Int/Dex -1)


   Skills:
 + Level 1.5 Fighting
 + Level 1.5 Short Blades
 + Level 1.5 Long Blades
 + Level 1.5 Axes
 + Level 1.5 Maces & Flails
 + Level 1.5 Polearms
 + Level 1.5 Staves
 + Level 1.5 Ranged Weapons
 + Level 1.5 Throwing
 + Level 1.5 Armour
 + Level 4.8 Dodging
 + Level 4.4 Stealth
 + Level 1.5 Shields
 + Level 1.5 Unarmed Combat
 + Level 5.2 Spellcasting
 + Level 1.2 Conjurations
 + Level 1.2 Hexes
 + Level 1.2 Summonings
 + Level 1.2 Necromancy
 + Level 1.2 Translocations
 + Level 1.2 Transmutations
 + Level 1.2 Fire Magic
 + Level 7.2 Ice Magic
 + Level 1.2 Air Magic
 + Level 1.2 Earth Magic
 + Level 1.2 Poison Magic
 + Level 1.7 Invocations
 + Level 1.5 Evocations
 + Level 1.3 Shapeshifting


You had 7 spell levels left.
You knew the following spells:

 Your Spells              Type           Power      Damage    Failure   Level
a - Freeze                Ice            100%       1d10      1%          1
b - Frozen Ramparts       Ice            66%        1d10      2%          3
c - Hailstorm             Conj/Ice       21%        3d7       10%         3

Your spell library contained the following spells:

 Spells                   Type           Power      Damage    Failure   Level
 Ozocubu's Armour         Ice            33%        N/A       2%          3
 Summon Ice Beast         Ice/Summ       21%        N/A       32%         4

Inventory:

Hand Weapons
 m - the +9 mace of Drought (weapon) {freeze, rCorr, mace}
   (You found it on level 3 of the Dungeon)

   rCorr:     It protects you from acid and corrosion.
Armour
 a - a +0 robe (worn)
 g - a +1 helmet (worn)
   (You found it on level 1 of the Dungeon)
Jewellery
 e - a ring of protection from fire (left hand)
   (You found it on level 1 of the Dungeon)
 l - a +6 ring of strength (right hand)
   (You found it on level 2 of the Dungeon)
Scrolls
 h - a scroll of brand weapon {unknown}
 i - a scroll of enchant armour
 k - a scroll of teleportation {unknown}
Potions
 b - 2 potions of magic

Dungeon Overview and Level Annotations

Branches:
Dungeon (3/15) Zot: 14889

Altars:

Annotations:
D:3 Grinder

#..##....#...# #.# #.
#....#.......#######.#### #.
#.##................(#### #.
............##.########## #.
#.##........##.########### #.
#....#......##.########### #.
####.....###.#.########### #.
##....#####..########### #.
##.#...# ###...@5ยง####### #.
##.##.#.#####..###โ˜ผ####### ##.
...##.#..###.#.###.####### #.#
#..)...........###.#############.
#.###.#.#.########$5.....[.......
##.##.#..########################
##.#.#.################## #
##...#.........########### #
#######.########.#####.....## #


You could see Grinder (unable to see you).


Message History

The hail pelts Grinder.
Grinder partially resists.
Grinder completely resists.
The wall freezes Grinder but does no damage.
Grinder says, "Wait up."
Grinder gestures at you.
You suddenly lose the ability to move!
Grinder completely resists.
The wall freezes Grinder but does no damage.
Grinder completely resists.
The wall freezes Grinder but does no damage.
Grinder hits you!
You writhe in agony.
Grinder completely resists.
The wall freezes Grinder but does no damage.
Grinder hits you.
You writhe in agony.
Grinder completely resists.
The wall freezes Grinder but does no damage.
Grinder hits you but does no damage.
You can move again. ๐Ÿ˜ฎ HP[-16] MP[-3]
You take 16 damage, and now have 21/37 hp.
MASSIVE DAMAGE!! (PAUSE)
You lost 3 mp, and now have 6/12 mp.
Unknown command.
Unknown command.
Unknown command.
Unknown command.
Unknown command.
Press: ? - help, v - describe, . - travel
Here: Grinder (lightly wounded)
The floor.
Okay, then.
Unknown command.
Okay, then.
The air fills with toxic fumes!
As you read the scroll labelled PUVOTHO IQAV, it crumbles to dust.
It was a scroll of poison.
Grinder resists.
The wall freezes Grinder.
Grinder blinks! ๐Ÿ˜ฎ MP[+1]
Okay, then.
As you read the scroll labelled HAUXZYXOC, it crumbles to dust.
It is a scroll of enchant armour.
Your +0 helmet glows green for a moment.
The frozen ramparts melt away.
As you read the scroll labelled ROCWIOTEIXT, it crumbles to dust.
You hear a loud clanging noise!
It was a scroll of noise.
As you read the scroll labelled RAN CUWITHOECS, it crumbles to dust.
You feel aware of your surroundings.
It was a scroll of revelation. ๐Ÿ˜ฎ HP[+1] Blink to where?
Press: ? - help, Dir - move target
As you read the scroll labelled UNKOAT SOHOEMUPP, it crumbles to dust.
It was a scroll of blinking.
You are engulfed in poison gas.
You are poisoned.
* * * LOW HITPOINT WARNING * * *
You feel very sick. ๐Ÿ˜จ HP[-6]
You take 6 damage, and now have 16/37 hp.
* * * LOW HITPOINT WARNING * * *
You feel very sick. ๐Ÿ˜จ HP[-4]
You take 4 damage, and now have 12/37 hp.
Unknown command.
It was a potion of mutation.
You feel extremely strange.
You feel clumsy.
You feel stronger.
Your toenails lengthen and sharpen.
You feel resistant to heat.
* * * LOW HITPOINT WARNING * * *
You feel very sick. ๐Ÿ˜ฑ HP[-3]
You take 3 damage, and now have 9/37 hp.
It was a potion of invisibility.
You fade into invisibility!
* * * LOW HITPOINT WARNING * * *
You feel sick. ๐Ÿ˜ฑ HP[-1]
You take 1 damage, and now have 8/37 hp.
It was a potion of brilliance.
You feel clever all of a sudden.
* * * LOW HITPOINT WARNING * * *
You feel sick.
Grinder says, "DUCK!" ๐Ÿ˜ฑ HP[-2] MP[+1]
You take 2 damage, and now have 6/37 hp.
Casting: Hailstorm (dangerous; 10% risk of failure)
Confirm with . or Enter, or press ? or * to list all spells.
Okay, then.
Casting: Hailstorm (dangerous; 10% risk of failure)
Confirm with . or Enter, or press ? or * to list all spells.
Okay, then.
Okay, then.
Okay, then.
You feel extremely strange.
You feel weaker.
Your talons dull and shrink into feet.
You no longer feel heat resistant.
You feel more energetic.
You feel stronger.
You feel robust. Fur sprouts all over your body.
* * * LOW HITPOINT WARNING * * *
You feel sick. Grinder gestures at you. Pain shoots through your body!
You die...
Grinder says, "Hey, I wasn't done torturing you yet!"

Skill      XL: |  1  2  3  4 |
---------------+-------------+-----
Spellcasting   | 5 |  5.2
Invocations    | 1 |  1.7
Fighting       | 1 |  1.5
Short Blades   | 1 |  1.5
Long Blades    | 1 |  1.5
Axes           | 1 |  1.5
Maces & Flails | 1 |  1.5
Polearms       | 1 |  1.5
Staves         | 1 |  1.5
Ranged Weapons | 1 |  1.5
Throwing       | 1 |  1.5
Armour         | 1 |  1.5
Shields        | 1 |  1.5
Unarmed Combat | 1 |  1.5
Evocations     | 1 |  1.5
Shapeshifting  | 1 |  1.3
Conjurations   | 1 |  1.2
Hexes          | 1 |  1.2
Summonings     | 1 |  1.2
Necromancy     | 1 |  1.2
Translocations | 1 |  1.2
Transmutations | 1 |  1.2
Fire Magic     | 1 |  1.2
Air Magic      | 1 |  1.2
Earth Magic    | 1 |  1.2
Poison Magic   | 1 |  1.2
Dodging        | |  4.8
Stealth        | |  4.4
Ice Magic      | |  7.2

Action                     |  1- 3 |  4- 6 || total
---------------------------+-------+-------++-------
  Melee: Whip              |    12 |     5 ||    17
         Mace              |       |    19 ||    19
         Bite              |       |     1 ||     1
   Cast: Freeze            |    44 |    15 ||    59
         Frozen Ramparts   |     5 |     7 ||    12
         Hailstorm         |       |     1 ||     1
    Use: Scroll            |       |     5 ||     5
         Potion            |       |     4 ||     4
   Stab: Sleeping          |     1 |     5 ||     6
 Armour: Robe              |    17 |    15 ||    32
  Dodge: Dodged            |    22 |    18 ||    40

Levels and vault maps discovered:
D:1:      dpeg_arrival_shrine, layout_basic
D:2:      layout_basic, nicolae_concentric_dashed_squares_mild, minmay_bisected
D:3:      layout_loops_ring, uniq_jessica, uniq_grinder

Notes
Turn   | Place    | Note
-------+----------+-------------------------------------------
     0 | D:1      | MackTheKnife the Gnoll Ice Elementalist began the quest for
                  | the Orb.
     0 | D:1      | Reached XP level 1. HP: 13/13 MP: 6/6
     0 | D:1      | magus.rc [v1.9.6]
   400 | D:1      | Reached XP level 2. HP: 19/19 MP: 5/7
   776 | D:1      | Reached XP level 3. HP: 25/25 MP: 6/9
   778 | D:1      | Reached skill level 5 in Spellcasting
   788 | D:1      | Learned a level 3 spell: Frozen Ramparts
   963 | D:1      | Got the Teachings on Cold
   974 | D:1      | Learned a level 3 spell: Hailstorm
  1062 | D:1      | Reached skill level 1 in Invocations
  1717 | D:2      | Reached skill level 1 in Fighting
  1717 | D:2      | Reached skill level 1 in Short Blades
  1717 | D:2      | Reached skill level 1 in Long Blades
  1717 | D:2      | Reached skill level 1 in Axes
  1717 | D:2      | Reached skill level 1 in Maces & Flails
  1717 | D:2      | Reached skill level 1 in Polearms
  1717 | D:2      | Reached skill level 1 in Staves
  1717 | D:2      | Reached skill level 1 in Ranged Weapons
  1717 | D:2      | Reached skill level 1 in Throwing
  1717 | D:2      | Reached skill level 1 in Armour
  1717 | D:2      | Reached skill level 1 in Shields
  1717 | D:2      | Reached skill level 1 in Unarmed Combat
  1717 | D:2      | Reached skill level 1 in Evocations
  1823 | D:2      | Reached XP level 4. HP: 32/32 MP: 11/11
  1950 | D:2      | Reached skill level 1 in Shapeshifting
  2252 | D:2      | Reached skill level 1 in Conjurations
  2252 | D:2      | Reached skill level 1 in Hexes
  2252 | D:2      | Reached skill level 1 in Summonings
  2252 | D:2      | Reached skill level 1 in Necromancy
  2252 | D:2      | Reached skill level 1 in Translocations
  2252 | D:2      | Reached skill level 1 in Transmutations
  2252 | D:2      | Reached skill level 1 in Fire Magic
  2252 | D:2      | Reached skill level 1 in Air Magic
  2252 | D:2      | Reached skill level 1 in Earth Magic
  2252 | D:2      | Reached skill level 1 in Poison Magic
  2449 | D:3      | Identified the +9 mace of Drought {freeze, rCorr}
  2627 | D:3      | Reached XP level 5. HP: 37/37 MP: 9/12
  2689 | D:3      | Noticed Jessica
  2694 | D:3      | Killed Jessica
  3087 | D:3      | Noticed Grinder
  3089 | D:3      | Paralysed by Grinder for 5 turns
  3100 | D:3      | Gained mutation: You are clumsy. (Dex -2) [potion of
                  | mutation]
  3100 | D:3      | Gained mutation: Your muscles are strong. (Str +4, Int/Dex
                  | -1) [potion of mutation]
  3100 | D:3      | Gained mutation: You have sharp toenails. [potion of
                  | mutation]
  3100 | D:3      | Gained mutation: Your flesh is heat resistant. (rF+)
                  | [potion of mutation]
  3100 | D:3      | HP: 9/37 [poisoned by you (poison gas)]
  3103 | D:3      | Lost mutation: Your muscles are strong. (Str +4, Int/Dex
                  | -1) [potion of mutation]
  3103 | D:3      | Lost mutation: You have sharp toenails. [potion of
                  | mutation]
  3103 | D:3      | Lost mutation: Your flesh is heat resistant. (rF+) [potion
                  | of mutation]
  3103 | D:3      | Gained mutation: You have an increased reservoir of magic.
                  | (+10% MP) [potion of mutation]
  3103 | D:3      | Gained mutation: Your muscles are strong. (Str +4, Int/Dex
                  | -1) [potion of mutation]
  3103 | D:3      | Gained mutation: You are robust. (+10% HP) [potion of
                  | mutation]
  3103 | D:3      | Gained mutation: You are covered in fur. (AC +1) [potion of
                  | mutation]
  3103 | D:3      | Killed from afar by Grinder

Vanquished Creatures
  Jessica (D:3)
  3 gnolls (D:2)
  2 adders
  5 worms
  3 dart slugs
  An orc (D:3)
  5 endoplasms
  2 giant cockroaches
  4 goblins
  4 hobgoblins
  6 jackals (D:1)
  8 kobolds
  2 quokkas (D:1)
  5 ball pythons
  8 bats
  3 frilled lizards (D:2)
  5 rats
67 creatures vanquished.

Table legend:
 A = Non-vault XP
 B = Vault XP
 C = Vault XP percentage of total XP
 D = Non-vault monster count
 E = Vault monster count
 F = Vault count percentage of total count
                 A         B        C        D         E       F
            +---------+---------+-------+---------+---------+-------
      Total |     188 |      40 |  17.5 |      63 |       4 |   6.0
            +---------+---------+-------+---------+---------+-------
        D:1 |      55 |       0 |   0.0 |      30 |       0 |   0.0
        D:2 |      85 |       3 |   3.4 |      19 |       3 |  13.6
        D:3 |      48 |      37 |  43.5 |      14 |       1 |   6.7
            +---------+---------+-------+---------+---------+-------

Skill      XL: |  1  2  3  4 |
---------------+-------------+-----
Spellcasting   | 5 |  5.2
Invocations    | 1 |  1.7
Fighting       | 1 |  1.5
Short Blades   | 1 |  1.5
Long Blades    | 1 |  1.5
Axes           | 1 |  1.5
Maces & Flails | 1 |  1.5
Polearms       | 1 |  1.5
Staves         | 1 |  1.5
Ranged Weapons | 1 |  1.5
Throwing       | 1 |  1.5
Armour         | 1 |  1.5
Shields        | 1 |  1.5
Unarmed Combat | 1 |  1.5
Evocations     | 1 |  1.5
Shapeshifting  | 1 |  1.3
Conjurations   | 1 |  1.2
Hexes          | 1 |  1.2
Summonings     | 1 |  1.2
Necromancy     | 1 |  1.2
Translocations | 1 |  1.2
Transmutations | 1 |  1.2
Fire Magic     | 1 |  1.2
Air Magic      | 1 |  1.2
Earth Magic    | 1 |  1.2
Poison Magic   | 1 |  1.2
Dodging        | |  4.8
Stealth        | |  4.4
Ice Magic      | |  7.2

Action                     |  1- 3 |  4- 6 || total
---------------------------+-------+-------++-------
  Melee: Whip              |    12 |     5 ||    17
         Mace              |       |    19 ||    19
         Bite              |       |     1 ||     1
   Cast: Freeze            |    44 |    15 ||    59
         Frozen Ramparts   |     5 |     7 ||    12
         Hailstorm         |       |     1 ||     1
    Use: Scroll            |       |     5 ||     5
         Potion            |       |     4 ||     4
   Stab: Sleeping          |     1 |     5 ||     6
 Armour: Robe              |    17 |    15 ||    32
  Dodge: Dodged            |    22 |    18 ||    40

Illustrated notes

Table legend:
 A = Kills in this place as a percentage of kills in the entire game.
 B = Kills by you in this place as a percentage of kills by you in the entire game.
 C = Kills by friends in this place as a percentage of kills by friends in the entire game.
 D = Other kills in this place as a percentage of other kills in the entire game.
 E = Experience gained in this place as a percentage of experience gained in the entire game.
 F = Experience gained in this place divided by the number of levels of this place that you have seen.
                   A       B       C       D       E      F
               +-------+-------+-------+-------+-------+----------------------
         Total | 100.0 | 100.0 |   N/A |   N/A | 100.0 |  76.0
       Dungeon | 100.0 | 100.0 |   N/A |   N/A | 100.0 |  76.0
               +-------+-------+-------+-------+-------+----------------------

Table legend: (Time is in decaauts)
 A = Elapsed time spent in this place.
 B = Non-inter-level travel time spent in this place.
 C = Inter-level travel time spent in this place.
 D = Time resting spent in this place.
 E = Time spent auto-exploring this place.
 F = Levels seen in this place.
 G = Mean time per level.
                   A        B        C        D        E       F      G
               +--------+--------+--------+--------+--------+-----+--------+
         Total |   3109 |   3061 |     48 |    174 |   2241 |   3 | 1036.3 |
       Dungeon |   3109 |   3061 |     48 |    174 |   2241 |   3 | 1036.3 |
               +--------+--------+--------+--------+--------+-----+--------+

Top non-repeatable levels by time:
     D:1: 1514 daAuts
     D:2: 933 daAuts
     D:3: 661 daAuts
